Map: Waterfall

Players

wocktopoland

  • Race: Zerg Zerg
  • League: Silver
  • Spawn Location: 7:00

MattBarry - Winner!

  • Race: Zerg Zerg
  • Spawn Location: 1:00

VOD

Have the link to the VOD?

Description

Time

  • Played on: Jan. 14, 2023, 9:22 p.m.
  • Length: 8:05
Show
View Real Time Build Order
Export as new Build Order

wocktopoland Zerg 

Build Orders: Hatch First 

Get SALT Encoding   

  12  0:01  Drone  
  13  0:12  Overlord  
  13  0:17  Drone  
  14  0:30  Drone x2  
  16  0:51  Hatchery  
  16  0:54  Drone  
  16  0:57  Drone  
  16  1:01  Drone  
  18  1:09  Drone  
  19  1:19  Spawning Pool  
  19  1:21  Drone  
  19  1:28  Drone  
  20  1:36  Extractor  
  20  1:38  Drone  
  20  1:49  Overlord  
  20  2:00  Drone  
  21  2:06  Queen  
  21  2:07  Queen  
  26  2:08  Drone  
  26  2:13  Drone  
  27  2:18  Drone  
  28  2:25  Drone  
  28  2:26  Drone  
  30  2:32  Overlord  
  30  2:35  Drone  
  31  2:47  Queen  
  31  2:48  Drone x2  
  35  2:52  Lair  
  35  2:57  Drone x2  
  37  3:08  Drone x2  
  37  3:12  Roach Warren  
  38  3:16  Evolution Chamber  
  38  3:17  Drone x2  
  38  3:18  Drone x4  
  43  3:23  Drone  
  43  3:24  Overlord  
  44  3:33  Extractor  
  43  3:38  Extractor  
  42  3:45  Overlord x2  
  42  3:48  Drone x2  
  44  3:52  Roach  
  44  3:53  Roach x3  
  44  3:55  Overlord x2  
  52  4:06  Drone x3  
  46  4:20  Drone x3  
  49  4:33  Roach x2  
  49  4:36  Glial Reconstitution  
  53  4:40  Queen  
  53  4:41  Overlord x2  
  53  4:44  Drone  
  56  4:48  Drone  
  57  4:53  Zerg Ground Armor Level 1  
  49  5:11  Drone x6  
  49  5:12  Drone x3  
  55  5:27  Evolution Chamber  
  54  5:37  Hatchery  
  54  5:40  Drone x2  
  55  5:44  Drone x3  
  55  5:46  Drone  
  59  6:00  Hydralisk Den  
  58  6:06  Drone  
  59  6:13  Drone  
  59  6:14  Drone x9  
  69  6:34  Drone  
  70  6:41  Overlord x3  
  70  6:51  Drone  
  70  6:52  Drone x6  
  77  6:58  Roach x3  
  66  7:12  Roach x5  
  66  7:13  Roach x2  
  67  7:25  Roach  
  67  7:26  Roach x4  
  69  7:39  Roach  
  69  7:40  Roach  
Show
View Real Time Build Order
Export as new Build Order

MattBarry Zerg - Winner!

Build Orders: Hatch First 

Get SALT Encoding   

  12  0:01  Drone  
  13  0:12  Overlord  
  13  0:17  Drone  
  14  0:27  Drone, Extractor  
  14  0:31  Drone  
  15  0:39  Drone  
  16  0:59  Hatchery  
  15  1:15  Spawning Pool  
  14  1:19  Drone  
  14  1:22  Drone  
  16  1:36  Drone  
  16  1:39  Drone  
  18  1:48  Overlord  
  18  1:52  Drone  
  19  2:02  Queen  
  19  2:05  Drone  
  22  2:23  Metabolic Boost  
  23  2:30  Drone x3  
  23  2:31  Queen  
  27  2:39  Evolution Chamber  
  26  2:45  Overlord  
  26  2:51  Zergling x6  
  28  2:53  Zergling x2  
  30  3:07  Drone  
  30  3:10  Zerg Melee Weapons Level 1  
  31  3:16  Zergling x10  
  31  3:17  Zergling x2  
  37  3:43  Drone x4  
  37  3:44  Drone  
  38  4:11  Zergling x14  
  38  4:12  Zergling x2  
  41  4:17  Drone  
  41  4:23  Overlord  
  41  4:28  Roach Warren  
  40  4:34  Evolution Chamber, Drone  
  40  4:43  Hatchery  
  40  4:44  Lair  
  34  5:07  Drone  
  34  5:08  Drone x9  
  41  5:15  Zerg Ground Armor Level 1  
  41  5:34  Extractor  
  40  5:39  Drone  
  40  5:40  Zergling x2  
  40  5:41  Zergling x10  
  47  5:44  Queen  
  49  5:50  Zergling x4  
  49  5:51  Zergling x2  
  49  5:52  Overlord x2  
  52  6:09  Hatchery  
  51  6:19  Zergling x16  
  51  6:20  Zergling x10  
  64  6:36  Overlord  
  64  6:59  Zergling x4  
  64  7:00  Zergling x22  
  72  7:18  Zergling x18  
  72  7:22  Overlord x3  
  80  7:32  Zergling x2  
  80  7:33  Zergling x4  
Tags
 
League
Silver
Matchup
ZvZ
Race
Zerg
Replay Pack
Multiplayer
Spawn Locations
Cross Positions
Add a new tag
Caveats
  • Supply blocks, unpowered buildings, or Contaminate may cause inaccurate times.
  • Supply counts are checked every 10 seconds.